 Dungeon Crawl Stone Soup version 0.30.0-13-g156ef70053 (webtiles) character file.

Game seed: 14208486167561846970

50 Twinkles the Sneak (level 3, 0/28 HPs)
             Began as a Demigod Enchanter on May 17, 2023.
             Slain by a +6 spectral club (8 damage)
             ... created by Jessica
             ... on level 2 of the Dungeon.
             The game lasted 00:03:16 (1560 turns).

Twinkles the Sneak (Demigod Enchanter)              Turns: 1560, Time: 00:03:17

Health: 0/28       AC:  5    Str:  9    XL:     3   Next: 35%
Magic:  8/8        EV: 10    Int: 21    God:
Gold:   42         SH:  0    Dex: 14    Spells: 5/5 levels left

rFire   . . .        a - +1 dagger
rCold   . . .        (no shield)
rNeg    . . .        l - +0 ring mail
rPois   .            (no helmet)
rElec   .            (no cloak)
rCorr   .            (no gloves)
SInv    .            (no boots)
Will    .....        (no amulet)
Stlth   ++           (no ring)
HPRegen 0.24/turn    (no ring)
MPRegen 0.11/turn

%: no passive effects
@: no status effects
A: high MP 1, forlorn, divine attributes
a: no special abilities


You were on level 2 of the Dungeon.
You visited 1 branch of the dungeon, and saw 2 of its levels.

You collected 42 gold pieces.

Inventory:

Hand Weapons
 a - a +1 dagger (weapon)
Armour
 b - a +0 robe
 l - a +0 ring mail (worn)
Scrolls
 f - 3 scrolls of identify {unknown}
 h - 2 scrolls of fear {unknown}
 i - a scroll of vulnerability {unknown}
 k - a scroll of teleportation {unknown}
Potions
 c - 2 potions of heal wounds {unknown}
 d - a potion of might {unknown}
 e - a potion of brilliance {unknown}
 g - 2 potions of curing {unknown}
 j - a potion of cancellation {unknown}
 m - a potion of attraction {unknown}
 I - 2 potions of invisibility


   Skills:
 + Level 1.2 Fighting
 + Level 1.7 Short Blades
 + Level 2.3 Dodging
 + Level 3.2 Stealth
 - Level 1.7 Spellcasting
 - Level 2.6 Hexes


You had 5 spell levels left.
You didn't know any spells.
Your spell library contained the following spells:

 Spells                   Type           Power      Damage    Failure   Level
 Ensorcelled Hibernation  Hex/Ice        14%        N/A       36%         2
 Confusing Touch          Hex            13%        N/A       38%         3
 Tukima's Dance           Hex            13%        N/A       38%         3
 Dazzling Flash           Conj/Hex       14%        N/A       58%         3


Dungeon Overview and Level Annotations

Branches:
Dungeon (2/15) Zot: 10449

Annotations:
D:2 Jessica


Innate Abilities, Weirdness & Mutations

You have an increased reservoir of magic. (+10% MP)
You shall have no god before yourself.
Your divine heritage dramatically boosts your attributes as you level up.


Message History

You see here a rat corpse.
You now have 42 gold pieces (gained 11).
Jessica the Apprentice Sorceress comes into view.
She is wielding a +6 spectral club. 2 rats come into view.
Jessica shouts!
Jessica gestures wildly while chanting.
Jessica blinks!
Jessica mumbles some strange words.
Jessica blinks!
Jessica gestures wildly while chanting.
Jessica blinks!
You barely miss the rat. The rat bites you.
You hit the rat.
You kill the rat!
You hit the rat.
You kill the rat!
You start resting.
Jessica is nearby!
Jessica hits you with a +6 spectral club.
The +6 spectral club barely misses you.
A +6 spectral club comes into view.
You see here a rat corpse.
You closely miss Jessica.
Jessica mumbles some strange words.
Jessica blinks!
The +6 spectral club disappears.
You start resting.
Jessica is nearby!
You hit Jessica.
Jessica is lightly wounded.
Jessica closely misses you. The +6 spectral club hits you.
A +6 spectral club comes into view.
You closely miss Jessica.
Jessica is lightly wounded.
The +6 spectral club hits you!
The +6 spectral club closely misses you.
Jessica hits you with a +6 spectral club.
* * * LOW HITPOINT WARNING * * *
The +6 spectral club hits you!
You die...

#.........#
#......>.
#.........#
#......). #..###
#........ #..@(#
#........ #.##.##
##........ #.##..#
#.........
#.###†###†........
#.##.@##..########
#@##.....##
#(@#.#....# ##
##.....##.######..
##...###....##...
#....)..####..##
##......###....# #
#......##..##.. ..
#.....##..##...
...
##...##..##..##


You could see a +6 spectral club and Jessica.

Vanquished Creatures
  An adder (D:2)
  A worm (D:2)
  A bat (D:2)
  4 endoplasms
  7 goblins
  3 hobgoblins
  3 jackals (D:2)
  A quokka (D:1)
  3 ball pythons
  2 frilled lizards (D:1)
  3 kobolds (D:1)
  6 rats
35 creatures vanquished.

Notes
Turn   | Place    | Note
-------+----------+-------------------------------------------
     0 | D:1      | Twinkles the Demigod Enchanter began the quest for the Orb.
     0 | D:1      | Reached XP level 1. HP: 14/14 MP: 5/5
    60 | D:1      | Reached skill level 1 in Short Blades
   138 | D:1      | HP: 4/14 [quokka (2)]
   138 | D:1      | HP: 1/14 [goblin/+0 dagger (3)]
   336 | D:1      | Reached XP level 2. HP: 15/22 MP: 7/7
   628 | D:1      | Reached skill level 3 in Stealth
  1177 | D:2      | Reached skill level 1 in Fighting
  1191 | D:2      | Reached XP level 3. HP: 16/28 MP: 8/8
  1532 | D:2      | Noticed Jessica
  1560 | D:2      | HP: 8/28 [Jessica/+6 spectral club (5)]
  1560 | D:2      | Slain by a +6 spectral club

Illustrated notes

Levels and vault maps discovered:
D:1:      lemuel_arrival_hallway, layout_loops_corners, minmay_box_of_dots
D:2:      minmay_alternating_diamond, layout_rooms, serial_shops,
          nicolae_shop_advertising_works [nicolae_subvault_shop_adworks],
          due_unseen_surprise, uniq_jessica

Skill      XL: |  1  2 |
---------------+-------+-----
Short Blades   | 1 |  1.7
Dodging        | 2 |  2.3
Stealth        | 3 |  3.2
Fighting       | 1 |  1.2
Spellcasting   | |  1.7
Hexes          | |  2.6

Action                     || total
---------------------------++-------
  Melee: Dagger            ||   156
         Punch             ||     3
   Stab: Sleeping          ||     2
 Armour: Robe              ||     7
         Ring mail         ||    29
  Dodge: Dodged            ||    93
